 Dungeon Crawl Stone Soup version 0.25-a0-578-gc91f01c39c (webtiles) character file.

Game seed: 17802337888631705782, levelgen mode: deterministic

58 KiliKikkendorf the Chopper (level 4, -5/41 HPs)
             Began as a Hill Orc Berserker on Mar 6, 2020.
             Was a Believer of Trog.
             Slain by Sigmund
             ... wielding a +0 scythe
              (8 damage)
             ... on level 2 of the Dungeon.
             The game lasted 00:19:51 (1323 turns).

KiliKikkendorf the Chopper (Hill Orc Berserker)     Turns: 1323, Time: 00:19:52

Health: -5/41      AC:  3    Str: 23 (24) XL:     4   Next: 1%
Magic:  4/4        EV: 12    Int:  4 (7)  God:    Trog [**....]
Gold:   60         SH:  0    Dex:  8 (10) Spells: 3/3 levels left

rFire    . . .     SeeInvis .   a - +1 hand axe
rCold    . . .     Gourm    .   (no shield)
rNeg     . . .     Faith    .   g - +0 leather armour (curse)
rPois    .         Spirit   .   (no helmet)
rElec    .         Reflect  .   (no cloak)
rCorr    .         Harm     .   (no gloves)
MR       +....                  (no boots)
Stlth    +.........             (no amulet)
HPRegen  0.13/turn              d - +4 ring of strength
MPRegen  0.09/turn              b - ring of protection from magic

@: stab
A: no striking features
a: Berserk, Trog's Hand, Renounce Religion


You were on level 2 of the Dungeon.
You worshipped Trog.
Trog was pleased with you.
You were very hungry.

You visited 1 branch of the dungeon, and saw 3 of its levels.

You collected 60 gold pieces.

Inventory:

Hand Weapons
 a - a +1 hand axe (weapon)
 i - a +0 hunting sling
Armour
 g - a cursed +0 leather armour (worn)
 k - a cursed +0 scale mail
Jewellery
 b - a ring of protection from magic (right hand)
 d - a +4 ring of strength (left hand)
Scrolls
 f - a scroll of noise
 h - a scroll of enchant weapon
Comestibles
 c - 5 rations


   Skills:
 + Level 4.3 Fighting
 + Level 5.1 Axes
 + Level 2.4 Armour
 + Level 2.0 Dodging


You had 3 spell levels left.
You didn't know any spells.
Your spell library was empty.

Dungeon Overview and Level Annotations

Branches:
Dungeon (3/15)

Altars:
Xom

Annotations:
D:2 Robin, Sigmund


Message History

You feel ready to backstab. The leopard gecko barely misses you.
The frilled lizard barely misses you.
You slash the frilled lizard!
You kill the frilled lizard!
Trog accepts your kill.
You slash the leopard gecko!
You kill the leopard gecko!
Trog accepts your kill.
You have reached level 4!
A bat comes into view.
A worm comes into view.
Sigmund casts a spell.
Sigmund flickers and vanishes!
Deactivating autopickup; reactivate with Ctrl-A.
A goblin comes into view. It is wielding a +0 club.
The goblin shouts!
The bat barely misses you. The bat hits you but does no damage.
The quokka closely misses you. Something hits you!
You die...

##........##
#..........#
#..........#
#...g......##
#............ ####
#.....b.....# ...#
# #..r.!.....#
#..###
#.@>......##
#.....
##.####.....##.#
#. #.# #.#....###.
#..# #...##...#.
##.###.#...####...
w...............
................
#................
##.............†..


You could see a worm, a quokka, a goblin and a bat.

Vanquished Creatures
  An adder (D:2)
  2 leopard geckos
  2 ball pythons (D:1)
  2 bats
  3 giant cockroaches
  9 goblins
  7 hobgoblins
  6 kobolds
  A quokka (D:2)
  6 frilled lizards
  2 rats (D:1)
41 creatures vanquished.

Notes
Turn   | Place    | Note
-------+----------+-------------------------------------------
     0 | D:1      | KiliKikkendorf the Hill Orc Berserker began the quest for
                  | the Orb.
     0 | D:1      | Reached XP level 1. HP: 19/19 MP: 1/1
   199 | D:1      | Reached XP level 2. HP: 16/27 MP: 2/2
   654 | D:1      | Found a shimmering altar of Xom.
   656 | D:1      | Found a hazy altar of Hepliaklqana.
   656 | D:1      | Found a shimmering altar of Xom.
   661 | D:1      | Found a radiant altar of Vehumet.
   661 | D:1      | Found a hide-covered altar of Uskayaw.
   661 | D:1      | Found a shimmering altar of Xom.
   802 | D:1      | Reached ** piety under Trog
   802 | D:1      | Reached XP level 3. HP: 27/33 MP: 3/3
  1118 | D:2      | Reached skill level 5 in Axes
  1271 | D:2      | Noticed Robin
  1317 | D:2      | Noticed Sigmund
  1319 | D:2      | Reached XP level 4. HP: 3/41 MP: 4/4
  1323 | D:2      | Slain by Sigmund

Levels and vault maps discovered:
D:1:      nzn_arrival_water_spiral, layout_loops_corners, doesnt_xom_only_xom
D:2:      layout_rooms, uniq_sigmund, uniq_robin
D:3:      layout_basic, marbit_many_paths, st_stairs_1

Skill      XL: |  1  2  3 |
---------------+----------+-----
Fighting       | 4 |  4.3
Axes           | 5 |  5.1
Dodging        | 2 |  2.0
Armour         | |  2.4

Action                   |  1- 3 |  4- 6 || total
-------------------------+-------+-------++-------
Melee: Hand axe          |   143 |       ||   143
  Use: Potion            |     7 |       ||     7
       Scroll            |     4 |       ||     4
Armor: Animal skin       |     2 |       ||     2
       Leather armour    |    27 |     1 ||    28
Dodge: Dodged            |   101 |     2 ||   103

Table legend:
 A = Non-vault XP
 B = Vault XP
 C = Vault XP percentage of total XP
 D = Non-vault monster count
 E = Vault monster count
 F = Vault count percentage of total count
                 A         B        C        D         E       F
            +---------+---------+-------+---------+---------+-------
      Total |      70 |      13 |  15.7 |      34 |       7 |  17.1
            +---------+---------+-------+---------+---------+-------
        D:1 |      41 |       0 |   0.0 |      23 |       0 |   0.0
        D:2 |      29 |      12 |  29.3 |      11 |       6 |  35.3
        D:3 |       0 |       1 | 100.0 |       0 |       1 | 100.0
            +---------+---------+-------+---------+---------+-------
